[Event "ICCopen2016"]
[Site "Internet Chess Club"]
[Date "2016.06.04"]
[Round "5"]
[White "TallTower"]
[Black "arnav311004"]
[Result "1-0"]
[ICCResult "Black resigns"]
[WhiteElo "1929"]
[BlackElo "1532"]
[Opening "King's Indian: orthodox, Aronin-Taimanov, 9.Ne1"]
[ECO "E98"]
[NIC "KI.03"]
[Time "14:45:06"]
[TimeControl "180+0"]

1. Nf3 Nf6 2. c4 g6 3. Nc3 Bg7 4. e4 d6 5. d4 O-O 6. Be2 e5 7. O-O Nc6 8. d5
Ne7 9. Ne1 Nd7 10. Be3 f5 11. f3 f4 12. Bf2 g5 13. Nd3 Ng6 14. Rc1 Rf7 15.
c5 Bf8 16. Kh1 Nf6 17. cxd6 cxd6 18. Nb5 a6 19. Nc3 b5 20. a4 Bd7 21. axb5
axb5 22. Nb4 Rb8 23. Qb3 Qe8 24. Nc6 Bxc6 25. dxc6 Qxc6 26. Nxb5 Qe8 27. Bc4
d5 28. exd5 Kg7 29. Qd3 Rfb7 30. Na7 Rxb2 31. Nc6 Ra8 32. Qf5 Ba3 33. Rce1
Bd6 34. Qxg5 Qd7 35. Bd3 Nxd5 36. Bxg6 hxg6 37. Nxe5 Qf5 38. Qxf5 gxf5 39.
Bd4 Re2 40. Rxe2 {Black resigns} 1-0

[Event "ICCopen2016"]
[Site "Internet Chess Club"]
[Date "2016.06.04"]
[Round "5"]
[White "B-Amin"]
[Black "Imperator15"]
[Result "0-1"]
[ICCResult "White forfeits on time"]
[WhiteElo "2925"]
[BlackElo "2876"]
[Opening "Caro-Kann: Panov-Botvinnik attack"]
[ECO "B13"]
[NIC "CK.03"]
[Time "14:44:32"]
[TimeControl "180+0"]

1. e4 c6 2. d4 d5 3. exd5 cxd5 4. c4 Nf6 5. Nc3 Nc6 6. Bg5 Be6 7. a3 Qd7 8.
Be2 Rd8 9. c5 Ne4 10. Bf4 g6 11. Nf3 Bg7 12. h3 O-O 13. O-O f6 14. Qc2 Bf5
15. Bd3 e5 16. Be3 Nxc3 17. Bxf5 gxf5 18. Qxc3 f4 19. Bc1 Kh8 20. b4 e4 21.
b5 Ne7 22. Nh4 f3 23. Bf4 Rg8 24. a4 f5 25. Rfc1 Rc8 26. Qe3 Bf6 27. Be5
Bxe5 28. dxe5 fxg2 29. Qf4 Qe6 30. a5 a6 31. c6 bxc6 32. bxa6 Ra8 33. Rcb1
Rxa6 34. Rb6 Rga8 35. Rb7 R6a7 36. Rab1 Rxb7 37. Rxb7 d4 38. Qg5 Re8 39.
Qf6+ Qxf6 40. exf6 Nd5 41. a6 d3 42. a7 d2 43. Rb8 d1=Q+ 44. Kxg2 Nf4+ 45.
Kg3 Nh5+ 46. Kg2 Nxf6 47. Rxe8+ Nxe8 48. a8=Q Qd7 49. Nxf5 Qxf5 50. Qxe8+
Kg7 51. Qxc6 Qe5 52. Kf1 e3 53. Qb7+ Kf6 54. Qf3+ Qf5 {White forfeits on
time} 0-1

[Event "ICCopen2016"]
[Site "Internet Chess Club"]
[Date "2016.06.04"]
[Round "5"]
[White "Towinning"]
[Black "MrGioMu"]
[Result "1-0"]
[ICCResult "Black forfeits on time"]
[WhiteElo "2343"]
[BlackElo "1853"]
[Opening "Modern defense"]
[ECO "A40"]
[NIC "QO.17"]
[Time "14:44:58"]
[TimeControl "180+0"]

1. d4 g6 2. Nf3 Bg7 3. Bf4 d6 4. e3 Nc6 5. h3 h6 6. c3 Bd7 7. Nbd2 e5 8. Bh2
f5 9. Qb3 e4 10. Ng1 Na5 11. Qd5 Nc6 12. b4 Nf6 13. Qb3 a5 14. b5 Ne7 15. a4
d5 16. Ne2 g5 17. c4 Be6 18. Nc3 O-O 19. Be2 Kh7 20. c5 Ng6 21. O-O-O f4 22.
Kb1 Qd7 23. Nf1 b6 24. c6 Qd6 25. f3 exf3 26. gxf3 Bf5+ 27. Ka2 Rae8 28. Bd3
Bxd3 29. Rxd3 Qb4 30. Rg1 Qxb3+ 31. Kxb3 Nh4 32. exf4 Nxf3 33. Rxf3
{Black forfeits on time}
1-0

[Event "ICCopen2016"]
[Site "Internet Chess Club"]
[Date "2016.06.04"]
[Round "5"]
[White "ebochess"]
[Black "jbrongkos"]
[Result "0-1"]
[ICCResult "White forfeits on time"]
[WhiteElo "1508"]
[BlackElo "1837"]
[Opening "Queen's Pawn"]
[ECO "A41"]
[NIC "QO.17"]
[Time "14:44:51"]
[TimeControl "180+0"]

1. d4 d6 2. Nf3 g6 3. Bf4 Bg7 4. e3 c5 5. c3 Nd7 6. Be2 Ngf6 7. h3 O-O 8.
O-O Qb6 9. Qb3 a6 10. Nbd2 Qc7 11. Rfe1 b5 12. Rac1 c4 13. Qc2 Bb7 14. b3
Nb6 15. bxc4 bxc4 16. Rb1 Rab8 17. a4 Nfd5 18. Bg3 e5 19. a5 Nd7 20. Bxc4
Ne7 21. e4 Rfc8 22. Qd3 h6 23. dxe5 Nxe5 24. Nxe5 dxe5 25. Qf3 Nc6 26. Ba2
Nxa5 27. Nb3 Nc4 28. Rbd1 Nd6 29. Nd2 Nf5 30. Qd3 Nxg3 31. Qxg3 Qxc3 32.
Qxc3 Rxc3 33. Rc1 Rbc8 34. Rxc3 Rxc3 35. Rb1 Rc7 36. Bd5 Bxd5 37. exd5 Rd7
38. Ne4 Rxd5 39. Rb8+ Kh7 40. Ng3 f5 41. Rb7 a5 42. h4 a4 43. Ra7 Rd1+
{White forfeits on time}
0-1

[Event "ICCopen2016"]
[Site "Internet Chess Club"]
[Date "2016.06.04"]
[Round "5"]
[White "Ancient"]
[Black "Oblique"]
[Result "1-0"]
[ICCResult "Black forfeits on time"]
[WhiteElo "2065"]
[BlackElo "1748"]
[Opening "Scandinavian: Pytel-Wade variation"]
[ECO "B01"]
[NIC "SD.02"]
[Time "14:44:43"]
[TimeControl "180+0"]

1. e4 d5 2. exd5 Qxd5 3. Nc3 Qd6 4. Bc4 Nf6 5. Nge2 a6 6. O-O b5 7. Bb3 Bb7
8. d3 Nbd7 9. f4 e6 10. Ng3 c5 11. Qe2 Be7 12. a4 b4 13. Nce4 Nxe4 14. dxe4
O-O 15. Be3 Qc6 16. Rad1 Rad8 17. f5 exf5 18. Rxf5 Nf6 19. Rdf1 a5 20. Bg5
Ba6 21. Bc4 Bxc4 22. Qxc4 Rd4 23. Qe2 Qe6 24. Bxf6 Bxf6 25. c3 Rd7 26. e5
Be7 27. Qf3 Bd8 28. Nh5 Bc7 29. Qg4 Bxe5 30. Kh1 g6 31. Rxf7 Rdxf7 32. Qxe6
{Black forfeits on time}
1-0

[Event "ICCopen2016"]
[Site "Internet Chess Club"]
[Date "2016.06.04"]
[Round "5"]
[White "akibael"]
[Black "Saniser"]
[Result "1/2-1/2"]
[ICCResult "Game drawn by repetition"]
[WhiteElo "2252"]
[BlackElo "1669"]
[Opening "QGD semi-Slav: Chigorin defense"]
[ECO "D46"]
[NIC "SL.08"]
[Time "14:45:12"]
[TimeControl "180+0"]

1. Nf3 d5 2. d4 Nf6 3. c4 c6 4. e3 e6 5. Nc3 Nbd7 6. Bd3 Bd6 7. O-O O-O 8.
e4 dxc4 9. Bxc4 e5 10. Be3 exd4 11. Bxd4 Qc7 12. Re1 Ne5 13. Nxe5 Bxe5 14.
Bxe5 Qxe5 15. h3 Be6 16. Qb3 Bxc4 17. Qxc4 Rad8 18. Rad1 Qe7 19. e5 Rxd1 20.
Nxd1 Nd7 21. f4 Rd8 22. Ne3 Qc5 23. Qb3 Nb6 24. Kh2 Nd5 25. Rd1 a5 26. Nxd5
Rxd5 27. Rxd5 cxd5 28. Qxb7 h6 29. Qd7 g6 30. Qd8+ Kg7 31. Qf6+ Kg8 32. e6
fxe6 33. Qxg6+ Kf8 34. Qf6+ Ke8 35. Qxe6+ Kd8 36. f5 d4 37. f6 d3 38. f7 d2
39. Qf6+ Kc7 40. Qf4+ Kb7 41. Qxd2 Qc7+ 42. Kh1 Qxf7 43. Qxa5 Qf1+ 44. Kh2
Qf4+ 45. Kg1 Qc1+ 46. Kf2 Qxb2+ 47. Kf3 Qf6+ 48. Kg4 Qg6+ 49. Kh4 Qxg2 50.
Qb4+ Ka8 51. Qf8+ Ka7 52. Qxh6 Qxa2 53. Qe3+ Ka8 54. Kg4 Qc4+ 55. Qf4 Qg8+
56. Kh4 Qh7+ 57. Kg3 Qg6+ 58. Qg4 Qd6+ 59. Kg2 Qd2+ 60. Kg3 Qd6+ 61. Kg2
Qd2+ 62. Kg3 Qd6+ {Game drawn by repetition} 1/2-1/2

[Event "ICCopen2016"]
[Site "Internet Chess Club"]
[Date "2016.06.04"]
[Round "5"]
[White "burbur"]
[Black "TIGRANO"]
[Result "0-1"]
[ICCResult "White forfeits on time"]
[WhiteElo "2515"]
[BlackElo "3132"]
[Opening "Réti opening"]
[ECO "E67"]
[NIC "KI.79"]
[Time "14:44:50"]
[TimeControl "180+0"]

1. Nf3 g6 2. d4 Bg7 3. g3 d6 4. Bg2 Nf6 5. O-O O-O 6. c4 Nbd7 7. Nc3 c6 8.
Qc2 Qc7 9. Rd1 a6 10. e4 e5 11. h3 Re8 12. Be3 b5 13. cxb5 cxb5 14. a3 Bb7
15. d5 Rec8 16. Rac1 Qa5 17. Ne1 Qd8 18. Nd3 Nb6 19. Qe2 Nc4 20. Nb4 Nxe3
21. Qxe3 h5 22. Ne2 Kh7 23. Rxc8 Rxc8 24. Rc1 Bh6 25. f4 Rxc1+ 26. Qxc1 h4
27. Qc3 Nd7 28. Nc6 Qb6+ 29. Kh2 hxg3+ 30. Qxg3 Bxc6 31. dxc6 Qxc6 32. f5
Nf6 33. fxg6+ fxg6 34. Qf3 Kg7 35. Qd3 Qc5 36. b4 Qc6 37. Kh1 Bg5 38. Nc3
Bf4 39. Ne2 Nh5 40. Bf3 Nf6 41. Kg2 Bh6 42. Nc3 Nh7 43. Nd5 Ng5 44. Qc3 Qxc3
45. Nxc3 Ne6 46. Nd5 Bc1 47. a4 bxa4 48. Bd1 a3 49. Bb3 Ng5 50. Ba2 Nxe4 51.
Nc7 Nc3 52. Bb3 a2 {White forfeits on time} 0-1

[Event "ICCopen2016"]
[Site "Internet Chess Club"]
[Date "2016.06.04"]
[Round "5"]
[White "mrquinn"]
[Black "Taechess"]
[Result "1-0"]
[ICCResult "Black forfeits on time"]
[WhiteElo "1367"]
[BlackElo "1272"]
[Opening "Catalan opening"]
[ECO "E00"]
[NIC "CA.01"]
[Time "14:44:56"]
[TimeControl "180+0"]

1. d4 e6 2. c4 Nf6 3. g3 c5 4. d5 exd5 5. cxd5 d6 6. e4 Nxe4 7. Qe2 Qe7 8.
Nf3 Nf6 9. Qxe7+ Bxe7 10. Bb5+ Bd7 11. Nc3 Bxb5 12. Nxb5 Na6 13. O-O O-O 14.
Rd1 Nb4 15. a3 Nbxd5 16. Bg5 Rfd8 17. Re1 Re8 18. Rad1 a6 19. Bxf6 Nxf6 20.
Nc7 Rac8 21. Nxe8 Rxe8 22. h4 d5 23. Ne5 Bd6 24. f4 Bxe5 25. fxe5 Nd7 26.
Rxd5 Nb6 27. Rxc5 Nd7 28. Rc7 Re7 29. Rd1 Rxe5 30. Rcxd7 g6 31. Rxb7 Kg7 32.
Ra7 Kh6 33. Rxa6 Kh5 34. Kg2 Kg4 35. Rd4+ Kh5 36. Kh3 f5 37. b4 Re1 38. g4+
fxg4+ 39. Rxg4 Re3+ 40. Kh2 Kxg4 41. Ra5 Re2+ 42. Kg1 Kg3 43. Kf1 Ra2 44.
Re5 Kf3 45. Re1 Rxa3 46. Rd1 Rb3 47. Rc1 Rxb4 48. Rc3+ Kg4 49. Rc1 Kxh4 50.
Ke1 g5 51. Kf1 g4 52. Ke1 g3 53. Kf1 Kh3 54. Kg1 g2 55. Rc3+ Kh4 56. Rd3
{Black forfeits on time}
1-0

[Event "ICCopen2016"]
[Site "Internet Chess Club"]
[Date "2016.06.04"]
[Round "5"]
[White "Bubacik"]
[Black "florish"]
[Result "0-1"]
[ICCResult "White forfeits on time"]
[WhiteElo "2535"]
[BlackElo "1942"]
[Opening "Mieses opening"]
[ECO "A00"]
[NIC "VO.13"]
[Time "14:44:36"]
[TimeControl "180+0"]

1. d3 d5 2. g3 Nf6 3. Bg2 c6 4. Bg5 e5 5. c4 d4 6. Nf3 Nbd7 7. O-O Be7 8. a3
a5 9. Nbd2 O-O 10. Ne4 Nxe4 11. Bxe7 Qxe7 12. dxe4 Nf6 13. Ne1 Be6 14. Qc2
Rfc8 15. Nd3 Nd7 16. b4 axb4 17. axb4 f6 18. c5 Nf8 19. f4 Bg4 20. h3 Bh5
21. Ra4 Rxa4 22. Qxa4 Kh8 23. g4 Bg6 24. g5 exf4 25. gxf6 Qxf6 26. Nxf4 Qe7
27. Qc2 Rd8 28. Qd3 Qe5 29. Qg3 Kg8 30. Qf3 Qg5 31. Kh2 h6 32. Rg1 Qf6 33.
Bh1 Bf7 34. Nh5 Qe5+ 35. Nf4 Ne6 36. Rg4 Bh5 37. Kg3 Bxg4 38. Qxg4 Qxf4+ 39.
Qxf4 Nxf4 40. Kxf4 d3 41. exd3 Rxd3 42. e5 Rd4+ 43. Kf5 Kf8 44. Kg6 Rxb4 45.
Bf3 Rc4 46. Bg4 Rxc5 47. Bc8 Rxe5 48. Bxb7 c5 49. Ba6 Re6+
{White forfeits on time}
0-1

[Event "ICCopen2016"]
[Site "Internet Chess Club"]
[Date "2016.06.04"]
[Round "5"]
[White "CristianS"]
[Black "cloak1"]
[Result "0-1"]
[ICCResult "White forfeits on time"]
[WhiteElo "2054"]
[BlackElo "1796"]
[Opening "Blackmar-Diemer gambit"]
[ECO "B02"]
[NIC "AL.10"]
[Time "14:45:11"]
[TimeControl "180+0"]

1. e4 Nf6 2. Nc3 d5 3. d4 dxe4 4. f3 exf3 5. Nxf3 Nc6 6. d5 Nb4 7. Bc4 c6 8.
O-O Nbxd5 9. Qe1 e6 10. Bg5 Bb4 11. Rd1 Qb6+ 12. Kh1 O-O 13. Qh4 Bxc3 14.
bxc3 h6 15. Bxh6 gxh6 16. Qxh6 Qe3 17. Ng5 Nf4 18. Qxf6 Ng6 19. Rf3 Qe5 20.
Rdf1 Qxf6 21. Rxf6 Ne5 22. Bb3 Bd7 23. h4 Be8 24. R6f2 Kg7 25. Ne4 Ng6 26.
g3 Ne5 27. Kg2 Ng4 28. c4 Nxf2 29. Kxf2 f5 30. Ng5 Kg6 31. c5 e5 32. Re1 e4
33. Ne6 e3+ 34. Kxe3 f4+ 35. Nxf4+ Rxf4 36. Kxf4 Bd7 37. Ke3 Re8+ 38. Kf2
Rf8+ 39. Kg2 Re8 40. Kh2 Rxe1 {White forfeits on time} 0-1

[Event "ICCopen2016"]
[Site "Internet Chess Club"]
[Date "2016.06.04"]
[Round "5"]
[White "Dlugy"]
[Black "BlitzorDDD"]
[Result "0-1"]
[ICCResult "White forfeits on time"]
[WhiteElo "2899"]
[BlackElo "3009"]
[Opening "Queen's pawn, Mason variation"]
[ECO "D00"]
[NIC "QP.08"]
[Time "14:45:33"]
[TimeControl "180+0"]

1. d4 d5 2. Bf4 c6 3. e3 Nf6 4. c4 e6 5. Nc3 Bd6 6. Bxd6 Qxd6 7. Nf3 O-O 8.
Qc2 Nbd7 9. Rd1 b6 10. Bd3 Bb7 11. O-O Qe7 12. e4 dxe4 13. Nxe4 c5 14. Rfe1
Bxe4 15. Bxe4 Nxe4 16. Qxe4 Nf6 17. Qe5 cxd4 18. Nxd4 Qb7 19. Nb5 a6 20. Nc3
Rac8 21. Rd4 Rc5 22. Qd6 Rc6 23. Qb4 Rfc8 24. Red1 h6 25. Rd8+ Kh7 26. Rxc8
Qxc8 27. h3 Qc7 28. Na4 Ne4 29. b3 Qf4 30. Qe1 b5 31. Rd4 f5 32. f3 bxa4 33.
fxe4 axb3 34. axb3 e5 35. Rd2 Rb6 36. exf5 Rxb3 37. Rf2 Qd4 38. Kh2 Re3 39.
Qd2 Rd3 40. Qe2 e4 41. f6 Qd6+ 42. Kh1 Rd1+ 43. Rf1 Rxf1+ 44. Qxf1 gxf6 45.
Qf5+ Kg7 46. Qxe4 Qd1+ 47. Kh2 Qd6+ 48. Kh1 a5 49. Qg4+ Kf8 50. Qh5 Qf4 51.
Qxa5 Qf1+ 52. Kh2 Qf4+ 53. Kh1 Qxc4 54. Kh2 Qf4+ 55. Kh1 Qe5
{White forfeits on time}
0-1

[Event "ICCopen2016"]
[Site "Internet Chess Club"]
[Date "2016.06.04"]
[Round "5"]
[White "modeusto"]
[Black "oskarito"]
[Result "0-1"]
[ICCResult "White resigns"]
[WhiteElo "1907"]
[BlackElo "2441"]
[Opening "Sicilian: Richter-Rauzer"]
[ECO "B60"]
[NIC "SI.27"]
[Time "14:45:18"]
[TimeControl "180+0"]

1. e4 c5 2. Nf3 d6 3. d4 cxd4 4. Nxd4 Nf6 5. Nc3 Nc6 6. Bg5 Qb6 7. Bb5 Bd7
8. Nxc6 bxc6 9. Bc4 Qxb2 10. Bd2 Qb6 11. O-O g6 12. Be3 Qc7 13. f4 Bg7 14.
e5 dxe5 15. fxe5 Qxe5 16. Bd4 Qd6 17. Bxf6 Qxd1 18. Raxd1 Bxf6 19. Ne4 Bf5
20. Nxf6+ exf6 21. Rfe1+ Kf8 22. Rd6 Kg7 23. Rxc6 Rac8 24. Rxc8 Rxc8 25. Bd3
Bxd3 26. cxd3 Rc2 27. Rd1 Rxa2 28. d4 Ra6 29. d5 Rd6 30. Kf2 f5 31. Ke3 Kf6
32. Kd4 Ra6 33. Kc5 Ke7 34. d6+ Kd7 35. g3 Ra2 36. h4 Rg2 37. Rd3 Re2 38.
Kd5 Re6 39. Kc5 Re5+ 40. Kc4 Ra5 41. Kb4 Re5 42. Kc4 h6 43. Ra3 Kxd6 44.
Rxa7 Re7 45. Ra6+ Ke5 46. Kd3 Rd7+ 47. Ke3 Rd6 48. Ra5+ Kf6 49. Ra7 g5 50.
hxg5+ hxg5 51. Ra8 Rc6 52. Rg8 Rc3+ 53. Kf2 g4 54. Re8 Rf3+ 55. Kg2 Kg6 56.
Ra8 Kg5 57. Ra6 f6 58. Ra5 Rd3 59. Ra8 Rd2+ 60. Kf1 f4 61. Rg8+ Kf5 62. gxf4
Kxf4 63. Rf8 f5 {White resigns} 0-1

[Event "ICCopen2016"]
[Site "Internet Chess Club"]
[Date "2016.06.04"]
[Round "5"]
[White "PITCHUS"]
[Black "plotkin"]
[Result "0-1"]
[ICCResult "White resigns"]
[WhiteElo "1874"]
[BlackElo "2332"]
[Opening "Réti: King's Indian attack (Barcza system)"]
[ECO "A07"]
[NIC "RE.06"]
[Time "14:45:18"]
[TimeControl "180+0"]

1. Nf3 d5 2. g3 Nf6 3. Bg2 c6 4. c4 Bf5 5. cxd5 cxd5 6. O-O Nc6 7. a4 e6 8.
d4 Bd6 9. Nc3 O-O 10. Nh4 Bg6 11. Nxg6 hxg6 12. Nb5 Be7 13. e3 a6 14. Nc3
Rc8 15. Bd2 Qb6 16. Rb1 Bb4 17. Ne2 Bxd2 18. Qxd2 Na5 19. b4 Nc4 20. Qa2 Rc7
21. Rfc1 Rfc8 22. Bf1 Ne4 23. Nc3 Ned2 24. Bxc4 Nxb1 25. Nxb1 Rxc4 26. Rxc4
Rxc4 27. b5 Qa5 28. bxa6 bxa6 29. Nd2 Rxa4 30. Qc2 Ra2 31. Qc8+ Kh7 32. Nf3
f6 33. Qe8 Qb5 34. Ng5+ fxg5 35. Qxe6 Ra1+ 36. Kg2 Qf1+ 37. Kf3 Qh1+ 38. Kg4
Qe4+ 39. Qxe4 dxe4 40. Kxg5 a5 41. Kf4 a4 42. Kxe4 a3 {White resigns} 0-1

[Event "ICCopen2016"]
[Site "Internet Chess Club"]
[Date "2016.06.04"]
[Round "5"]
[White "marianzaim"]
[Black "vidalnovich"]
[Result "0-1"]
[ICCResult "White checkmated"]
[WhiteElo "1948"]
[BlackElo "1720"]
[Opening "English, 1...Nf6 (Anglo-Indian defense)"]
[ECO "A15"]
[NIC "EO.64"]
[Time "14:45:24"]
[TimeControl "180+0"]

1. c4 Nf6 2. g3 g6 3. Bg2 Bg7 4. Nf3 O-O 5. O-O d6 6. Nc3 Nbd7 7. Rb1 e5 8.
b4 h6 9. d3 Nh5 10. a4 f5 11. Qc2 a5 12. b5 g5 13. Ba3 g4 14. Nd2 f4 15.
Nce4 Rb8 16. c5 d5 17. Nc3 Ndf6 18. c6 Re8 19. Qa2 Be6 20. Qc2 b6 21. Rbe1
Bf8 22. Qb2 Bd6 23. Bxd6 Qxd6 24. Rc1 Ng7 25. Ra1 Nf5 26. Qa3 Qxa3 27. Rxa3
Nd4 28. gxf4 exf4 29. Re1 Bf7 30. Ra2 f3 31. Bf1 Bg6 32. e3 Ne6 33. d4 Rbd8
34. Nb3 Ng5 35. Nd2 h5 36. Nb3 Nfe4 37. Nxe4 Nxe4 38. Nd2 Nc3 39. Ra3 Ne4
40. Nxe4 Bxe4 41. Raa1 Kf8 42. Rac1 Kf7 43. Red1 Kf6 44. Bd3 Kf5 45. Bxe4+
Kxe4 46. Rd2 h4 47. Rdd1 Rg8 48. Rd2 Rg7 49. Rdd1 Rdg8 50. Rd2 g3 51. hxg3
hxg3 52. fxg3 Rxg3+ 53. Kh2 R3g7 54. Rdd1 Rh7# {White checkmated} 0-1

[Event "ICCopen2016"]
[Site "Internet Chess Club"]
[Date "2016.06.04"]
[Round "5"]
[White "toktok"]
[Black "Smokie"]
[Result "1-0"]
[ICCResult "Black forfeits on time"]
[WhiteElo "1715"]
[BlackElo "1395"]
[Opening "Sicilian: Smith-Morra gambit"]
[ECO "B21"]
[NIC "SI.48"]
[Time "14:45:30"]
[TimeControl "180+0"]

1. e4 c5 2. d4 cxd4 3. c3 dxc3 4. Nxc3 Nc6 5. Nf3 d6 6. Bc4 Nf6 7. e5 Nd7 8.
Bxf7+ Kxf7 9. Ng5+ Ke8 10. e6 Nf6 11. Nf7 Qb6 12. Nxh8 Bxe6 13. O-O Bc4 14.
Re1 e5 15. b3 Be6 16. Be3 Qb4 17. Rc1 Be7 18. Qd3 g6 19. Nxg6 hxg6 20. Qxg6+
Kd7 21. Qd3 Rg8 22. g3 Qg4 23. Qe2 Qh3 24. Qf1 Qh7 25. h4 Ng4 26. Ne4 Nxe3
27. Rxe3 Qxh4 28. Qg2 Nd4 29. Rce1 {Black forfeits on time} 1-0

[Event "ICCopen2016"]
[Site "Internet Chess Club"]
[Date "2016.06.04"]
[Round "5"]
[White "vanboy"]
[Black "d13gocr"]
[Result "1-0"]
[ICCResult "Black resigns"]
[WhiteElo "2429"]
[BlackElo "1769"]
[Opening "Sicilian: Smith-Morra gambit"]
[ECO "B21"]
[NIC "SI.48"]
[Time "14:45:20"]
[TimeControl "180+0"]

1. e4 c5 2. d4 cxd4 3. c3 dxc3 4. Nxc3 Nc6 5. Nf3 d6 6. Bc4 a6 7. O-O Nf6 8.
Qe2 Bg4 9. Rd1 Qc8 10. Bf4 Nh5 11. Bg3 Nxg3 12. hxg3 e6 13. Rac1 Qb8 14. Qe3
Be7 15. Na4 b5 16. Bb3 Qb7 17. Qb6 Nd8 18. Rc7 Qxb6 19. Nxb6 Rb8 20. Nc8 Bf6
21. Nxd6+ Kf8 22. Rd2 Bxf3 23. gxf3 Be5 24. f4 Bxd6 25. Rxd6 Nb7 26. Rb6 Nd8
27. Rxb8 {Black resigns} 1-0

[Event "ICCopen2016"]
[Site "Internet Chess Club"]
[Date "2016.06.04"]
[Round "5"]
[White "capatal1"]
[Black "kabindra"]
[Result "0-1"]
[ICCResult "White forfeits on time"]
[WhiteElo "1355"]
[BlackElo "1636"]
[Opening "King's Indian: Torre attack"]
[ECO "A48"]
[NIC "QP.01"]
[Time "14:46:12"]
[TimeControl "180+0"]

1. d4 Nf6 2. Nf3 g6 3. Bg5 Bg7 4. Nbd2 O-O 5. e4 d6 6. h3 h6 7. Bh4 Kh7 8.
Bd3 Qe8 9. O-O e5 10. dxe5 dxe5 11. Nc4 Nc6 12. a4 Nh5 13. Re1 Nf4 14. Bg3
Nxd3 15. cxd3 Be6 16. b3 Rd8 17. Ncxe5 Nxe5 18. Nxe5 f6 19. Nc4 Bxc4 20.
bxc4 f5 21. Bxc7 Bxa1 22. Bxd8 Bc3 23. Re2 Qxd8 24. exf5 Rxf5 25. Qc2 Bd4
26. Kh1 Qf8 27. f3 Qa3 28. Qb1 Qa1 29. Re7+ Kg8 30. Rxb7 Qxb1+ 31. Rxb1 Ra5
32. Rb4 Bc3 33. Rb3 Be1 {White forfeits on time} 0-1

[Event "ICCopen2016"]
[Site "Internet Chess Club"]
[Date "2016.06.04"]
[Round "5"]
[White "nadalthegreat"]
[Black "AllGunsBlazing"]
[Result "0-1"]
[ICCResult "White checkmated"]
[WhiteElo "1921"]
[BlackElo "2671"]
[Opening "Benko's opening"]
[ECO "A00"]
[NIC "VO.09"]
[Time "14:46:04"]
[TimeControl "180+0"]

1. g3 c6 2. Bg2 d5 3. c4 Nf6 4. cxd5 cxd5 5. d4 Nc6 6. Nc3 a6 7. Bg5 e6 8.
Nf3 Be7 9. O-O O-O 10. Ne5 Bd7 11. e4 dxe4 12. Nxe4 Nd5 13. Bxe7 Ncxe7 14.
Nc5 Bc8 15. b4 b6 16. Nb3 Bb7 17. Qd2 Qd6 18. Nc4 Qd8 19. Ne5 Rc8 20. Rac1
f6 21. Nc4 Qd7 22. Rfe1 Nf5 23. Qe2 Rfe8 24. Qd2 Qb5 25. Nd6 Nxd6 26. Qe2
Qxe2 27. Rxe2 Rxc1+ 28. Nxc1 Nxb4 29. a3 Bxg2 30. Kxg2 Nc6 31. Nb3 Kf7 32.
Rc2 Rc8 33. Kf1 Na5 34. Rb2 Nxb3 35. Rxb3 b5 36. Rd3 Rc1+ 37. Kg2 Rc2 38. d5
e5 39. Kf3 e4+ 40. Kf4 exd3 41. f3 d2 42. g4 d1=Q 43. h4 Qd4+ 44. Kg3 Ne4+
45. Kh3 Rh2+ 46. Kxh2 Qf2+ 47. Kh3 Qg3# {White checkmated} 0-1

[Event "ICCopen2016"]
[Site "Internet Chess Club"]
[Date "2016.06.04"]
[Round "5"]
[White "tangent"]
[Black "TrendFriend"]
[Result "0-1"]
[ICCResult "White forfeits on time"]
[WhiteElo "1939"]
[BlackElo "2478"]
[Opening "Old Benoni defense"]
[ECO "A44"]
[NIC "OI.09"]
[Time "14:45:02"]
[TimeControl "180+0"]

1. d4 c5 2. d5 e5 3. c4 d6 4. Nc3 Be7 5. e4 Bg5 6. Nge2 Bxc1 7. Nxc1 Nf6 8.
Nd3 O-O 9. g3 Nbd7 10. Bg2 Re8 11. O-O Nf8 12. h3 a6 13. a3 b5 14. cxb5 axb5
15. b4 c4 16. Ne1 Bd7 17. Nc2 Qb6 18. Qd2 h6 19. Kh2 N8h7 20. f4 Re7 21.
Rae1 Rae8 22. f5 Kh8 23. g4 Qd8 24. Bf3 Rg8 25. h4 Ne8 26. g5 Bc8 27. Rg1
Rb7 28. Rg3 g6 29. gxh6 Qxh4+ 30. Rh3 Qf4+ 31. Qxf4 exf4 32. Nd4 Nef6 33.
Ncxb5 Ng5 34. Rh4 Rxb5 35. Rxf4 Rb8 36. fxg6 Rxg6 37. Nc6 Rb7 38. Rc1 Bd7
39. Rxc4 Bxc6 40. dxc6 Rc7 41. b5 Ne6 42. b6 Nxf4 43. bxc7 Rg8 44. Rb4 Ne6
45. Rb7 Rc8 46. Rb8 Nxc7 47. Rxc8+ Nfe8 48. Rxc7 Nxc7 49. Bg4 Kh7 50. Bd7
Kxh6 51. Kg3 Kg5 52. Kf3 Kf6 53. Ke3 Ke5 54. Kd3 Na6 55. a4 f6 56. Kc4 Kxe4
57. Kb5 Nc7+ 58. Kb6 Nd5+ 59. Kb7 f5 {White forfeits on time} 0-1

[Event "ICCopen2016"]
[Site "Internet Chess Club"]
[Date "2016.06.04"]
[Round "5"]
[White "chigamaster"]
[Black "VerdeNotte"]
[Result "1-0"]
[ICCResult "Black resigns"]
[WhiteElo "2988"]
[BlackElo "2819"]
[Opening "Sicilian, Chekhover variation"]
[ECO "B53"]
[NIC "SI.02"]
[Time "14:45:22"]
[TimeControl "180+0"]

1. e4 c5 2. Nf3 d6 3. d4 cxd4 4. Qxd4 Nc6 5. Bb5 a6 6. Bxc6+ bxc6 7. c4 e5
8. Qd3 Nf6 9. O-O Be7 10. Nc3 h6 11. c5 Qc7 12. cxd6 Bxd6 13. Rd1 Be7 14. h3
O-O 15. Be3 a5 16. Rac1 Ba6 17. Qc2 Qb7 18. Nxe5 Rfe8 19. Na4 Bf8 20. Nxc6
Nxe4 21. Nb6 Ng3 22. Rd7 Ne2+ 23. Kh1 Nxc1 24. Rxb7 Bxb7 25. Nxa8 Rxa8 26.
Ne5 Rc8 27. Qd1 Re8 28. Nf3 Nxa2 29. Qa4 Rxe3 30. fxe3 Nb4 31. Qe8 Bc6 32.
Qd8 f6 33. Nd4 Bd5 34. e4 Bc4 35. Nf5 Kf7 36. Qc7+ Kg6 37. Qxc4 h5 38. Qe2
Nc6 39. Ng3 Kf7 40. Qxh5+ Ke7 41. Qd5 Ne5 42. Nf5+ Ke8 43. Qe6+ Kd8 44. Nd6
Nd7 45. Qe8+ Kc7 46. Nb5+ Kc6 47. Nd4+ Kc7 48. Ne6+ Kc6 49. Nxf8 Kb5 50.
Qxd7+ {Black resigns} 1-0

[Event "ICCopen2016"]
[Site "Internet Chess Club"]
[Date "2016.06.04"]
[Round "5"]
[White "ol4ik"]
[Black "CrossShark"]
[Result "0-1"]
[ICCResult "White forfeits on time"]
[WhiteElo "2228"]
[BlackElo "2607"]
[Opening "French: advance variation"]
[ECO "C02"]
[NIC "FR.03"]
[Time "14:45:04"]
[TimeControl "180+0"]

1. e4 e6 2. d4 d5 3. e5 c6 4. c3 g6 5. Nf3 Bg7 6. Bd3 Nd7 7. O-O f6 8. exf6
Ngxf6 9. Re1 Nb6 10. Ng5 O-O 11. Nxe6 Bxe6 12. Rxe6 Qd7 13. Re1 Nc8 14. Nd2
Nd6 15. Nf3 Nfe4 16. Be3 Rae8 17. Qb3 Qg4 18. Bxe4 Nxe4 19. Ne5 Qc8 20. h3
Nd6 21. Nd3 Qf5 22. a4 Qxd3 23. a5 Qc4 24. Qa3 Nf5 25. Bg5 Qd3 26. a6 Qxa6
27. Rxe8 Rxe8 28. Qxa6 bxa6 29. Rxa6 h6 30. Bd2 Re2 31. Bf4 g5 32. Bg3 Nxg3
33. fxg3 Rxb2 34. Rxc6 a5 35. g4 Rb1+ 36. Kf2 a4 37. Ke3 a3 38. Rc8+ Kh7 39.
Ra8 Ra1 40. Kd3 Kg6 41. Ra5 Bf6 42. Rxd5 a2 43. Ra5 Rd1+ 44. Kc4 a1=Q 45.
Rb5 Qa2+ 46. Rb3 Rb1 47. Kd5 Qxb3+ 48. c4 Qc2 49. c5 Qxg2+ 50. Kc4 Re1 51.
Kb5 Qe2+ 52. Kc6 Rd1 53. Kd7 Qe3 54. c6 Qxd4+ {White forfeits on time} 0-1